AoeStats
← Cheonma

African Clearing

505782749Analyzed
4v4 RM · 21d ago on Sep 11, 2026· 43m 51s· 8 players
Game mode
Random Map
Map size
Large (8 player)
Population
200
Speed
Normal
Resources
Standard
Victory
Conquest
Starting age
Dark Age
Ending age
Imperial Age
RankedLock teamsTeams togetherTeam positionsShared explorationLock speedFull tech treeHidden civsTurbo modeCheats
Victory
Defeat
🇨🇴 Huns · Colombia
1276
+15
🇬🇧 Bulgarians · United Kingdom
1225
+17
🇨🇦 Tupi · Canada
1213
+18
🇨🇴 Magyars · Colombia
1161
+20
🇦🇷 Mongols · Argentina
1333
-21
🇦🇷 Burgundians · Argentina
1275
-18
🇦🇷 Malians · Argentina
1261
-18
🇦🇷 Khmer · Argentina
1135
-13
Chasers
4:52 Loom
17:04 Feudal Age
21:16 Castle Age
21:31 Fletching
38:50 Bodkin Arrow
39:01 Padded Archer Armor
42:28 Double-Bit Axe
42:24 Horse Collar
42:36 Gold Mining
43:29 Bow Saw
44:53 Gold Shaft Mining
[InFaa] Pacho
3:34 Loom
12:19 Feudal Age
13:14 Double-Bit Axe
22:03 Castle Age
21:06 Scale Barding Armor
21:42 Forging
22:23 Bloodlines
30:13 Wheelbarrow
31:11 Horse Collar
31:23 Gold Mining
36:53 Imperial Age
34:29 Husbandry
36:13 Hand Cart
37:14 Cavalier
38:19 Chain Barding Armor
39:18 Plate Barding Armor
39:12 Bow Saw
38:53 Stone Mining
39:32 Conscription
41:33 Iron Casting
40:53 Town Watch
42:25 Town Patrol
41:51 Paladin
43:14 Heavy Plow
44:17 Two-Man Saw
43:17 Light Cavalry
Heda
6:42 Loom
14:40 Feudal Age
18:48 Bloodlines
18:30 Double-Bit Axe
23:04 Castle Age
23:50 Scale Barding Armor
38:11 Corvinian Army
42:18 Wheelbarrow
43:45 Hand Cart
Kiki da 1.75Handed
5:17 Loom
13:53 Feudal Age
15:50 Double-Bit Axe
19:27 Castle Age
19:40 Scale Mail Armor
19:50 Forging
21:25 Squires
21:11 Gambesons
21:12 Arson
21:25 Fletching
23:14 Bodkin Arrow
23:43 Horse Collar
24:15 Bow Saw
24:00 Gold Mining
24:19 Murder Holes
25:09 Chain Mail Armor
28:51 Wheelbarrow
28:01 Town Watch
28:50 Ballistics
29:29 Scale Barding Armor
30:51 Coinage
31:27 Chain Barding Armor
32:06 Bloodlines
31:21 Light Cavalry
32:26 Husbandry
34:31 Stirrups
36:15 Padded Archer Armor
36:04 Elite Skirmisher
37:02 Leather Archer Armor
38:00 Hand Cart
41:23 Imperial Age
39:12 Heavy Plow
39:12 Stone Mining
42:34 Iron Casting
43:27 Plate Barding Armor
42:44 Cavalier
43:37 Bracer
Cheonma
7:57 Loom
13:04 Feudal Age
20:14 Castle Age
18:12 Double-Bit Axe
20:10 Forging
20:59 Husbandry
27:07 Cavalier
29:10 Fletching
31:33 Squires
31:46 Pikeman
36:35 Scale Barding Armor
37:19 Wheelbarrow
40:31 Town Watch
Gianncrack
6:17 Loom
12:45 Feudal Age
18:22 Castle Age
16:46 Double-Bit Axe
17:33 Fletching
17:36 Gold Mining
19:28 Man-at-Arms
26:26 Bow Saw
31:30 Horse Collar
32:37 Bodkin Arrow
33:51 Padded Archer Armor
36:24 Gold Shaft Mining
OPI Sonet
7:22 Loom
15:45 Feudal Age
16:48 Double-Bit Axe
22:19 Fletching
25:04 Castle Age
26:23 Bodkin Arrow
26:45 Elite Skirmisher
33:17 Padded Archer Armor
37:40 Scale Barding Armor
39:18 Wheelbarrow
39:02 Bow Saw
39:21 Husbandry
44:36 Imperial Age
43:26 Bloodlines
43:55 Chain Barding Armor
RDA Valencho04
8:03 Loom
14:26 Feudal Age
18:56 Castle Age
Connection lost

Rejoining the realm…

Still unreachable

The connection could not be restored.

Session expired

The server has moved on; the page needs a fresh start.